 Dungeon Crawl Stone Soup version 0.30-a0-586-g23e55c9e0a (webtiles) character file.

Game seed: 1570409866135034096

62 bmack86 the Trooper (level 3, -1/33 HPs)
             Began as a Minotaur Fighter on Jan 3, 2023.
             Slain by a gnoll
             ... wielding a +0 flail
              (3 damage)
             ... on level 2 of the Dungeon.
             The game lasted 00:03:56 (703 turns).

bmack86 the Trooper (Minotaur Fighter)               Turns: 703, Time: 00:03:57

Health: -1/33      AC:  7    Str: 22    XL:     3   Next: 85%
Magic:  2/2        EV:  9    Int:  5    God:
Gold:   14         SH:  4    Dex:  9    Spells: 2/2 levels left

rFire   . . .      SeeInvis .    a - +0 war axe
rCold   + . .      Faith    .    c - +0 buckler
rNeg    . . .      Spirit   .    b - +0 scale mail
rPois   .          Reflect  .    (helmet restricted)
rElec   .          Harm     .    (no cloak)
rCorr   .          Rampage  .    (no gloves)
Will    .....                    (no boots) Stlth
                                 (no amulet)
HPRegen 0.25/turn                g - ring of ice
MPRegen 0.08/turn                e - ring of protection from fire

@: mighty
A: horns 2, retaliatory headbutt
a: no special abilities


You were on level 2 of the Dungeon.
You visited 1 branch of the dungeon, and saw 2 of its levels.

You collected 14 gold pieces.

Inventory:

Hand Weapons
 a - a +0 war axe (weapon)
Missiles
 h - 8 poisoned darts (quivered)
Armour
 b - a +0 scale mail (worn)
 c - a +0 buckler (worn)
Jewellery
 e - a ring of protection from fire (right hand)
 g - a ring of ice (left hand)
Scrolls
 i - a scroll of identify
 k - a scroll of brand weapon {unknown}
 m - a scroll of fog {unknown}
 n - a scroll of immolation {unknown}
 q - a scroll of enchant armour {unknown}
Potions
 f - a potion of curing
 l - a potion of berserk rage {unknown}
 o - a potion of magic {unknown}
 p - a potion of experience {unknown}
 r - a potion of lignification {unknown}


   Skills:
 + Level 4.1 Fighting
 * Level 3.6 Axes
 + Level 1.0 Throwing
 + Level 4.0 Armour
 + Level 4.1 Shields


You had 2 spell levels left.
You didn't know any spells.
Your spell library contained the following spells:

 Spells                   Type           Power      Damage    Failure   Level
 Kiss of Death            Conj/Necr      0%         2d5       87%         1
 Confusing Touch          Hex            0%         N/A       99%         3
 Dispel Undead            Necr           0%         3d6       100%        4


Dungeon Overview and Level Annotations

Branches:
Dungeon (2/15)

Altars:


Innate Abilities, Weirdness & Mutations

You have a pair of horns on your head.
You reflexively headbutt those who attack you in melee.


Message History

You slash the hobgoblin!
You kill the hobgoblin!
i - a scroll of identify
Found a stone staircase leading down and a stone staircase leading up.
You see here a +2 dagger of draining.
A gnoll comes into view. It is wielding a +0 halberd.
A gnoll comes into view. It is wielding a +0 club.
The gnoll shouts!
You hear a shout!
The gnoll barely misses you.
The gnoll moves out of view.
A gnoll comes into view. It is wielding a +0 whip.
The gnoll hits you with a +0 halberd.
You hit the gnoll but do no damage. The gnoll hits you with a +0 halberd!
A gnoll comes into view. It is wielding a +0 flail.
The gnoll hits you with a +0 halberd!
The gnoll moves out of view.
You slash the gnoll!
You kill the gnoll!
Your Fighting skill increases to level 4!
Your Armour skill increases to level 4!
Your Shields skill increases to level 4!
The gnoll shouts!
You see here a +0 halberd.
You barely miss the gnoll. Your headbutt misses the gnoll.
You closely miss the gnoll. You hit the gnoll.
The gnoll hits you with a +0 whip!
* * * LOW HITPOINT WARNING * * *
The gnoll hits you with a +0 club.
* * * LOW HITPOINT WARNING * * *
The gnoll barely misses you. The gnoll hits you but does no damage.
Sorry, you're not good enough to have a special ability.
You feel very mighty all of a sudden. The gnoll hits you but does no damage.
The gnoll closely misses you.
You slash the gnoll!
You kill the gnoll!
You closely miss the gnoll. The gnoll barely misses you.
You furiously retaliate!
You headbutt the gnoll. You slice the gnoll!!
You kill the gnoll!
Your Throwing skill increases to level 1!
You barely miss the gnoll. The gnoll hits you with a +0 flail.
You die...

#...)...#.# #.#
.# #.#.###.#.#
#.# #
#.#.###<#.###.#
#.#...........#
##.##.#######
#...#.# #
#.#.#.#
#.#...#)#######
#......@g......
####.##.#######
#.##.# ...#.#
.......
##...### ##.##
###


You could see a gnoll.

Vanquished Creatures
  An adder (D:2)
  3 gnolls (D:2)
  A dart slug (D:1)
  5 ball pythons
  3 bats
  2 endoplasms (D:1)
  A goblin (D:1)
  A hobgoblin (D:2)
  A quokka (D:1)
  A frilled lizard (D:1)
  2 rats
21 creatures vanquished.

Notes
Turn   | Place    | Note
-------+----------+-------------------------------------------
     0 | D:1      | bmack86 the Minotaur Fighter began the quest for the Orb.
     0 | D:1      | Reached XP level 1. HP: 19/19 MP: 0/0
   204 | D:1      | Reached XP level 2. HP: 25/27 MP: 1/1
   654 | D:2      | Reached XP level 3. HP: 33/33 MP: 2/2
   699 | D:2      | HP: 1/33 [gnoll/+0 club (3)]
   703 | D:2      | Reached skill level 1 in Throwing
   703 | D:2      | Slain by a gnoll

Illustrated notes

Levels and vault maps discovered:
D:1:      amcnicky_arrival_wind_blow, layout_loops_ring, grunt_decor_one_mirror,
          minmay_misc_feat_doors
D:2:      layout_loops_ring, st_stairs_7, uniq_jessica

Skill      XL: |  1  2  3 |
---------------+----------+-----
Axes           | 3 |  3.6
Fighting       | 4 |  4.1
Armour         | 4 |  4.0
Shields        | 4 |  4.1
Throwing       | 1 |  1.0

Action                   || total
-------------------------++-------
Melee: War axe           ||    34
       Headbutt          ||     5
  Use: Scroll            ||     3
       Potion            ||     1
Armor: Scale mail        ||    13
Dodge: Dodged            ||    12
Block: Buckler           ||     6

Table legend: (Time is in decaauts)
 A = Elapsed time spent in this place.
 B = Non-inter-level travel time spent in this place.
 C = Inter-level travel time spent in this place.
 D = Time resting spent in this place.
 E = Time spent auto-exploring this place.
 F = Levels seen in this place.
 G = Mean time per level.
                   A        B        C        D        E       F      G
               +--------+--------+--------+--------+--------+-----+--------+
         Total |    714 |    714 |      0 |      0 |    459 |   2 |  357.0 |
       Dungeon |    714 |    714 |      0 |      0 |    459 |   2 |  357.0 |
               +--------+--------+--------+--------+--------+-----+--------+

Top non-repeatable levels by time:
     D:1: 654 daAuts
     D:2: 59 daAuts
